 Dungeon Crawl Stone Soup version 0.16-a0-1301-gf74d490 (webtiles) character file.

14753 Ololoev the Whirler (level 12, -1/73 HPs)
             Began as a Halfling Hunter on Oct 15, 2014.
             Was a High Priest of Okawaru.
             Killed by divine providence
             ... invoked by an orc priest
              (8 damage)
             ... on level 12 of the Dungeon.
             The game lasted 01:09:20 (15578 turns).

Ololoev the Whirler (Halfling Hunter)              Turns: 15578, Time: 01:09:20

Health: -1/73      AC: 10    Str: 15    XL:     12   Next: 49%
Magic:  12/12      EV: 26    Int: 10    God:    Okawaru [*****.]
Gold:   635        SH:  2    Dex: 15    Spells: 0 memorised, 11 levels left

rFire  . . .     SeeInvis +     K - +1 greatsling (evade)
rCold  . . .     Clarity  +     L - +2 leather armour {MR+}
rNeg   . . .     SustAb   .     (no shield)
rPois  +         Gourm    .     F - +0 helmet (curse)
rElec  .         Spirit   .     v - +0 cloak
rCorr  .         Warding  .     (no gloves)
rMut   .         Rnd*Tele +     (no boots)
MR     +....                    Q - amulet "Saxkiem" {Clar rPois SInv}
Stlth  ++........               y - ring of protection from magic
                                e - +3 ring of evasion

@: vulnerable, very slightly contaminated, slowed, very slow, somewhat resistant
to hostile enchantments, unstealthy
A: large bone plates 1, clumsy 1, mutation resistance 1, teleportitis 1
a: Heroism, Finesse, Renounce Religion


You were on level 12 of the Dungeon.
You worshipped Okawaru.
Okawaru was extremely pleased with you.
You were very hungry.

You visited 2 branches of the dungeon, and saw 13 of its levels.
You also visited: Ice Cave.

You collected 635 gold pieces.

Inventory:

Hand weapons
 J - a cursed +0 falchion of slicing
 K - a +1 greatsling of evasion (weapon)
Missiles
 i - 236 stones
 j - 3 sling bullets (quivered)
Armour
 v - a +0 cloak (worn)
 F - a cursed +0 helmet (worn)
 L - a +2 leather armour of magic resistance (worn)
Jewellery
 e - a +3 ring of evasion (left hand)
 q - an uncursed ring of teleport control
 u - an uncursed amulet of regeneration
 y - a ring of protection from magic (right hand)
 Q - the amulet "Saxkiem" (around neck) {Clar rPois SInv}
   (You found it on level 12 of the Dungeon)

   [amulet of clarity]

   It provides mental clarity.
   It protects you from poison.
   It enhances your eyesight.
Magical devices
 C - a wand of invisibility (2)
 N - a wand of teleportation (5)
Scrolls
 k - 3 scrolls of remove curse
 o - 5 scrolls of teleportation
 r - 4 scrolls of enchant armour
 D - 2 scrolls of magic mapping
 M - a scroll of amnesia
 T - 2 scrolls of identify
Potions
 h - 2 potions of flight
 l - 4 potions of might
 m - a potion of magic {unknown}
 t - a potion of haste
 x - a potion of curing
 z - a potion of brilliance {unknown}
 A - 3 potions of cure mutation {unknown}
 B - 2 potions of agility {unknown}
 E - 2 potions of heal wounds {unknown}
 H - a potion of poison {unknown}
Books
 O - a book of Fire

   Spells                             Type                      Level
   Ignite Poison                      Fire/Transmutation           5
   Fireball                           Conjuration/Fire             5
   Bolt of Fire                       Conjuration/Fire             6
   Delayed Fireball                   Conjuration/Fire             7
   Ring of Flames                     Charms/Fire                  7
Miscellaneous
 R - a phial of floods
Comestibles
 a - a beef jerky
 f - 14 bread rations
 n - 5 slices of pizza
 G - 4 meat rations
 P - a fruit


   Skills:
 - Level 3.6 Fighting
 * Level 9.4 Long Blades
 - Level 18.0 Slings
 + Level 7.8 Armour
 + Level 8.4 Dodging
 - Level 1.1 Stealth


You had 11 spell levels left.
You didn't know any spells.

Dungeon Overview and Level Annotations

Branches:
Dungeon (12/15)            Temple (1/1) D:5            Lair (0/8) D:10
    Orc: D:9-12

Altars:
Ashenzari
Cheibriados
Dithmenos
Elyvilon
Fedhas
Gozag
Kikubaaqudgha
Makhleb
Nemelex Xobeh
Okawaru
Qazlal
Ru
Sif Muna
Trog
Vehumet
Xom
Yredelemnul
Zin
The Shining One

Shops:
D:5 =

Annotations:
D:8 bigpunch's ghost, experienced OgFE
D:12 Erica


Innate Abilities, Weirdness & Mutations

You are small and have problems with some larger weapons.
You are somewhat resistant to further mutation.
You are partially covered in large bone plates (AC +2, SH +2).
You are clumsy. (Dex -2)
Space occasionally distorts in your vicinity.


Message History

The orc priest is poisoned.
The orc priest calls down the wrath of Beogh upon you.
Something smites you!
* * * LOW HITPOINT WARNING * * *
Firing (i - inventory. (,) - cycle):
b - a poisoned sling bullet (quivered)
Press: ? - help, Shift-Dir - straight line, f/p - orc priest
Aim: an orc priest, wielding a dagger and wearing a ring mail (poisoned, inner flame)
You shoot a poisoned sling bullet.
The poisoned sling bullet closely misses the orc priest.
The orc priest looks braver.
Quiver which item? (- for none, * to show all) (? for menu, Esc to quit)
Quivering
j - 4 sling bullets for slings.
Firing (i - inventory. (,) - cycle):
j - 4 sling bullets (quivered)
Press: ? - help, Shift-Dir - straight line, f/p - orc priest
Aim: an orc priest, wielding a dagger and wearing a ring mail (poisoned, inner flame)
You shoot a sling bullet.
The sling bullet barely misses the orc priest. x2
The orc priest mumbles some strange prayers to Beogh against you.
Something smites you!
You die...

..###.#.# #.# #...######. ..#
#.#.####.# #######...#..)... ..#
#.#......# #.........#.####.
..###....###.# #.......##.......
.........#...####............##..
#####.#..#.#...>.............##.#
#.........#..###.#####......##.#
##.##....###......# ####..###.#
#........###..##@.# #..###.#
#..............#§.# #.......
.........###...#§## ####....
...............#.## #....
.........###......# #....
...............@o.# #....
.#######........(.# #.... ##
##.....%...## #.... ###.....o..#
#####


You could see Erica (inner flame) and 2 orc priests.

Vanquished Creatures
  Josephine (D:11)
  2 unseen horrors
  A hill giant (D:12)
  4 ugly things
  A manticore (D:12)
  The ghost of wvc the Basher, an experienced OgBe of Trog (D:4)
  The ghost of Ololoev the Slinger, an experienced HaHu (D:5)
  The ghost of Yermak the Covert, an experienced SpCj of Makhleb (D:11)
  A blue devil (IceCv)
  2 deep elf magi
  A wyvern (D:11)
  10 yaks
  Eustachio (D:9)
  A human (D:7)
  2 hippogriffs
  A hog (D:7)
  A tengu zombie (D:11)
  Edmund (D:4)
  Menkaure (D:4)
  4 orc warriors
  A necrophage (D:12)
  2 phantoms (D:9)
  5 sky beasts
  2 yellow wasps (D:9)
  14 ice beasts
  6 ogres
  4 centaurs
  9 big kobolds
  Duvessa (D:3)
  5 giant frogs
  4 scorpions
  A water moccasin zombie (D:11)
  An eye of draining (D:12)
  2 hippogriff zombies (D:11)
  Dowan (D:3)
  5 crimson imps
  A black bear zombie (D:6)
  A goliath beetle (D:6)
  3 jellies
  9 hounds
  An elf zombie (D:11)
  6 orc priests
  A kobold zombie (D:11)
  2 giant frog skeletons
  Natasha (twice) (D:5)
  9 orc wizards
  A cyclops simulacrum (D:11)
  4 worker ants
  3 sheep (D:7)
  A crocodile skeleton (D:11)
  An ogre zombie (D:9)
  A yak simulacrum (D:11)
  2 ogre skeletons (D:5)
  3 mummies
  A hound skeleton (D:9)
  6 adders
  10 gnolls
  3 orc skeletons
  4 shadow imps
  3 giant mites
  2 worms
  An adder skeleton (D:4)
  2 iguana skeletons
  2 giant geckos
  3 oozes
  37 orcs
  10 bats
  8 hobgoblins
  6 jackals
  20 kobolds
  4 quokkas
  A ball python (D:7)
  A giant cockroach (D:3)
  4 giant newts
  A giant spore (D:11)
  16 goblins
  A hobgoblin zombie (D:5)
  10 rats
  3 ballistomycetes (D:11)
311 creatures vanquished.

Vanquished Creatures (others)
  An orc (D:12)
  A giant spore (D:11)
2 creatures vanquished.

Grand Total: 313 creatures vanquished

Notes
Turn   | Place    | Note
--------------------------------------------------------------
     0 | D:1      | Ololoev, the Halfling Hunter, began the quest for the Orb.
     0 | D:1      | Reached XP level 1. HP: 14/14 MP: 1/1
     2 | D:1      | Noticed a human
     4 | D:1      | Noticed a centaur
     4 | D:1      | Noticed a naga
     6 | D:1      | Noticed a spriggan
     6 | D:1      | Noticed a demonspawn
     8 | D:1      | Noticed a demigod
    10 | D:1      | Noticed a gargoyle
    10 | D:1      | Noticed a vampire
    12 | D:1      | Noticed a draconian
    14 | D:1      | Noticed an octopode
    14 | D:1      | Noticed a felid
    16 | D:1      | Noticed a minotaur
    16 | D:1      | Noticed an elf
    18 | D:1      | Noticed a ghoul
    20 | D:1      | Noticed a troll
    20 | D:1      | Noticed a dwarf
    22 | D:1      | Noticed a tengu
    22 | D:1      | Noticed an ogre
    24 | D:1      | Noticed a merfolk
    26 | D:1      | Noticed a formicid
    26 | D:1      | Noticed a vine stalker
    35 | D:1      | Reached skill level 6 in Slings
   132 | D:1      | Reached XP level 2. HP: 19/19 MP: 2/2
   581 | D:2      | Reached skill level 7 in Slings
   581 | D:2      | Reached XP level 3. HP: 17/24 MP: 3/3
  1162 | D:2      | Reached XP level 4. HP: 29/29 MP: 4/4
  1376 | D:3      | Reached skill level 8 in Slings
  1435 | D:3      | Reached XP level 5. HP: 30/34 MP: 5/5
  1472 | D:3      | Found a shadowy altar of Dithmenos.
  1692 | D:3      | Reached skill level 9 in Slings
  1981 | D:3      | HP: 1/34 [orc wizard/magic dart (9)]
  1983 | D:3      | Reached XP level 6. HP: 1/39 MP: 6/6
  2344 | D:3      | Reached skill level 10 in Slings
  2824 | D:4      | Noticed Dowan
  2827 | D:4      | Noticed Duvessa
  2863 | D:3      | Killed Duvessa
  2863 | D:3      | Reached skill level 11 in Slings
  2863 | D:3      | Reached XP level 7. HP: 16/44 MP: 7/7
  2888 | D:3      | Killed Dowan
  3178 | D:4      | Noticed Edmund
  3262 | D:4      | Noticed wvc's ghost (experienced OgBe)
  3348 | D:4      | Reached skill level 12 in Slings
  3561 | D:4      | Killed wvc's ghost
  3561 | D:4      | Reached skill level 13 in Slings
  3561 | D:4      | Reached XP level 8. HP: 44/49 MP: 8/8
  3674 | D:4      | Killed Edmund
  3770 | D:4      | Reached skill level 14 in Slings
  3929 | D:4      | Noticed Menkaure
  3940 | D:4      | Killed Menkaure
  4599 | D:5      | Entered Level 5 of the Dungeon
  4621 | D:5      | Noticed Ololoev's ghost (experienced HaHu)
  4650 | D:5      | Killed Ololoev's ghost
  4650 | D:5      | Reached skill level 15 in Slings
  4650 | D:5      | Reached XP level 9. HP: 50/54 MP: 9/9
  4743 | D:5      | Found Mit Oqaaj's Jewellery Shop.
  4775 | D:5      | Noticed Natasha
  4781 | D:5      | Killed Natasha
  5003 | D:5      | Reached skill level 16 in Slings
  5065 | D:5      | Found a staircase to the Ecumenical Temple.
  5073 | Temple   | Entered the Ecumenical Temple
  5090 | Temple   | Became a worshipper of Warmaster Okawaru
  5626 | D:5      | Noticed Natasha
  5629 | D:5      | Killed Natasha
  5875 | D:6      | Found a bloodstained altar of Trog.
  6345 | D:6      | Acquired Okawaru's first power
  6444 | D:6      | Reached skill level 17 in Slings
  6573 | D:6      | Found an iron altar of Okawaru.
  6616 | D:6      | Found a shattered altar of Ashenzari.
  6794 | D:6      | Found a white marble altar of Elyvilon.
  6794 | D:6      | Found a burning altar of Makhleb.
  7136 | D:6      | Reached XP level 10. HP: 60/60 MP: 10/10
  7519 | D:7      | Reached skill level 18 in Slings
  7558 | D:7      | Reached skill level 1 in Armour
  9163 | D:8      | Noticed bigpunch's ghost (experienced OgFE)
  9482 | D:8      | Reached skill level 1 in Long Blades
  9725 | D:8      | Gained mutation: Space occasionally distorts in your vicinity. [mutagenic meat]
  9726 | D:8      | Gained mutation: You are clumsy. (Dex -2) [mutagenic meat]
 10474 | D:9      | Noticed Eustachio
 10493 | D:9      | Killed Eustachio
 10493 | D:9      | Reached skill level 5 in Dodging
 11182 | D:10     | Entered Level 10 of the Dungeon
 11278 | D:10     | Found a staircase to the Lair.
 11317 | D:10     | Reached XP level 11. HP: 67/67 MP: 11/11
 11648 | D:10     | Noticed an unseen horror
 11663 | D:10     | Killed an unseen horror
 11663 | D:10     | Reached skill level 5 in Long Blades
 11663 | D:10     | Reached skill level 5 in Armour
 12086 | D:11     | Noticed Yermak's ghost (experienced SpCj)
 12099 | D:11     | Killed Yermak's ghost
 12190 | D:11     | Received a gift from Okawaru
 12228 | D:11     | Found a frozen archway.
 12425 | IceCv    | Entered an ice cave
 12911 | D:11     | Acquired Okawaru's second power
 12955 | D:11     | Received a gift from Okawaru
 13093 | D:11     | Received a gift from Okawaru
 13513 | D:11     | Noticed an unseen horror
 13522 | D:11     | Killed an unseen horror
 13705 | D:11     | Noticed Josephine
 13737 | D:11     | Killed Josephine
 13737 | D:11     | Received a gift from Okawaru
 13737 | D:11     | Reached XP level 12. HP: 65/73 MP: 12/12
 14024 | D:12     | Got a warped copper amulet
 14026 | D:12     | Identified the amulet "Saxkiem" {Clar rPois SInv} (You found it on level 12 of the Dungeon)
 14076 | D:11     | HP: 3/73 [acid (10)]
 15335 | D:12     | Gained mutation: You are partially covered in large bone plates (AC +2, SH +2). [mutagenic meat]
 15563 | D:12     | Noticed Erica
 15578 | D:12     | Killed from afar by an orc priest

Action                   |  1- 3 |  4- 6 |  7- 9 | 10-12 || total
-------------------------+-------+-------+-------+-------++-------
Melee: Dagger            |       |       |       |    11 ||    11
       Hunting sling     |       |       |       |     2 ||     2
 Fire: Hunting sling     |    99 |   206 |   408 |  1000 ||  1713
       Greatsling        |       |       |       |   219 ||   219
Invok: Heroism           |       |       |       |     1 ||     1
Evoke: Wand              |       |       |     1 |     1 ||     2
  Use: Scroll            |       |     1 |     8 |    15 ||    24
       Potion            |       |       |     4 |     7 ||    11
  Eat: Chunk             |       |     5 |     5 |    19 ||    29
       Meat ration       |       |       |     1 |       ||     1
       Bread ration      |       |       |     1 |       ||     1
       Beef jerky        |       |       |       |     3 ||     3
       Pizza             |       |       |       |     2 ||     2
       Fruit             |       |       |       |     3 ||     3
